 Dungeon Crawl Stone Soup version 0.30-a0-715-gdb4ae3e (webtiles) character file.

Game seed: 158506136866725584

575352 Dorkslayer the Executioner (level 27, 0/260 HPs)
             Began as a Hill Orc Fighter on Jan 21, 2023.
             Was an Initiate of Gozag.
             Slain by a death scarab (13 damage)
             ... summoned by a royal mummy
             ... on level 12 of a ziggurat on Jan 24, 2023.
             The game lasted 05:07:48 (67968 turns).

Dorkslayer the Executioner (Hill Orc Fighter)      Turns: 67968, Time: 05:07:49

Health: 0/260      AC: 47    Str: 36 (38) XL:     27
Magic:  36/42      EV: 14    Int: 17      God:    Gozag
Gold:   7738       SH: 36    Dex: 19      Spells: 12/40 levels left

rFire   + + .      SeeInvis +    I - +8 broad axe "Yrarresm" {heavy, *Corrode rF+ Will++}
rCold   + . .      Faith    .    p - +6 tower shield "Fatigh" {rCorr}
rNeg    + . .      Spirit   .    P - +8 orange crystal plate armour {Archmagi, Int+3 Clar}
rPois   +          Reflect  +    u - +0 helmet of Loick {rF+ rC+ rN+ Dex+2}
rElec   +          Harm     .    U - +2 cloak of the Toothy God {Str+3 SInv}
rCorr   +          Rampage  .    Y - +2 pair of gloves {infuse}
Will    +++++      Archmagi +    M - +0 pair of boots "Wonuisen" {Dex+3 Slay+4} Stlth Clarity +
                                 T - amulet of Ufauts {Reflect rElec Str+4 SH+5 Stlth+}
HPRegen 0.63/turn                h - ring "Vucrupid" {Wiz rPois Will+ Str+4 Stlth+}
MPRegen 0.28/turn                H - ring of Equilibrium {MP+9 Int+2 Dex+2 Slay+3}

@: slowed, studying 4 skills, very slow
A: iridescent scales 1, see invisible, strong-willed 1
}: 3/15 runes: serpentine, barnacled, silver
a: Renounce Religion, Potion Petition, Call Merchant, Bribe Branch


You were on level 12 of a ziggurat.
You worshipped Gozag.
Gozag was greatly pleased with you.
You visited 11 branches of the dungeon, and saw 47 of its levels.
You visited 1 ziggurat, and saw 12 of its levels.
You also visited: Sewer, Bailey, Gauntlet, Wizlab and Desolation.

You collected 28989 gold pieces.
You spent 19695 gold pieces at shops.
You paid 1556 gold pieces to Gozag.

Inventory:

Hand Weapons
 b - a +9 broad axe of flaming
 I - the +8 broad axe "Yrarresm" (weapon) {heavy, *Corrode rF+ Will++}
   (You took it off a deep elf annihilator on level 3 of the Elven Halls)

   rF:        It protects you from fire.
   *Corrode:  It may corrode you when you take damage.
   Will:      It greatly increases your willpower.
Missiles
 z - 19 silver javelins (quivered)
 F - 55 boomerangs
 K - 6 throwing nets
 N - 19 javelins
 O - 4 boomerangs of dispersal
Armour
 p - the +6 tower shield "Fatigh" (worn) {rCorr}
   (You bought it in a shop on level 4 of the Vaults)

   rCorr:     It protects you from acid and corrosion.
 u - the +0 helmet of Loick (worn) {rF+ rC+ rN+ Dex+2}
   (You acquired it on level 8 of the Dungeon)

   Dex:       It affects your dexterity (+2).
   rF:        It protects you from fire.
   rC:        It protects you from cold.
   rN:        It protects you from negative energy.
 G - the +0 cloak "Hiaqith" {rF+ Dex+3}
   (You bought it in a shop on level 2 of the Orcish Mines)

   Dex:       It affects your dexterity (+3).
   rF:        It protects you from fire.
 M - the +0 pair of boots "Wonuisen" (worn) {Dex+3 Slay+4}
   (You bought it in a shop on level 4 of the Vaults)

   Dex:       It affects your dexterity (+3).
   Slay:      It affects your accuracy & damage with ranged weapons and melee
   (+4).
 P - the +8 orange crystal plate armour (worn) {Archmagi, Int+3 Clar}
   (You bought it in a shop on level 4 of the Vaults)

   Int:       It affects your intelligence (+3).
   Clar:      It protects you against confusion.
 U - the +2 cloak of the Toothy God (worn) {Str+3 SInv}
   (You found it on level 5 of the Vaults)

   Str:       It affects your strength (+3).
   SInv:      It lets you see invisible.
 V - a +2 pair of boots of flying
 Y - a +2 pair of gloves of infusion (worn)
Jewellery
 h - the ring "Vucrupid" (left hand) {Wiz rPois Will+ Str+4 Stlth+}
   (You found it on level 5 of a ziggurat)

   [ring of wizardry]

   It improves your spell success rate.
   Str:       It affects your strength (+4).
   rPois:     It protects you from poison.
   Will:      It increases your willpower.
   Stlth:     It makes you more stealthy.
 k - the ring "Nunoth" {rF+ rC++ rN+ rCorr Dex-2}
   (You found it on level 4 of the Shoals)

   [ring of protection from fire]

   Dex:       It affects your dexterity (-2).
   rF:        It protects you from fire.
   rC:        It greatly protects you from cold.
   rN:        It protects you from negative energy.
   rCorr:     It protects you from acid and corrosion.
 r - the ring of Subbo {rElec rPois rF+ rN+ Int+2}
   (You bought it in a shop on level 3 of the Elven Halls)

   [ring of protection from fire]

   Int:       It affects your intelligence (+2).
   rF:        It protects you from fire.
   rElec:     It insulates you from electricity.
   rPois:     It protects you from poison.
   rN:        It protects you from negative energy.
 H - the ring of Equilibrium (right hand) {MP+9 Int+2 Dex+2 Slay+3}
   (You found it on level 8 of a ziggurat)

   [ring of magical power]

   Int:       It affects your intelligence (+2).
   Dex:       It affects your dexterity (+2).
   Slay:      It affects your accuracy & damage with ranged weapons and melee
   (+3).
   MP:        It affects your magic capacity (+9).
 T - the amulet of Ufauts (around neck) {Reflect rElec Str+4 SH+5 Stlth+}
   (You found it in a wizard's laboratory)

   [amulet of reflection]

   It reflects blocked missile attacks.
   Str:       It affects your strength (+4).
   rElec:     It insulates you from electricity.
   SH:        It affects your SH (+5).
   Stlth:     It makes you more stealthy.
Wands
 a - a wand of iceblast (31)
 A - a wand of charming (35)
 C - a wand of mindburst (20)
 L - a wand of light (9)
 R - a wand of flame (44)
 Z - a wand of digging (13)
Scrolls
 e - a scroll of summoning
 g - 15 scrolls of blinking
 i - 15 scrolls of fog
 l - 29 scrolls of teleportation
 s - 6 scrolls of magic mapping
 w - 8 scrolls of fear
 y - 9 scrolls of immolation
 B - 8 scrolls of poison
 D - 7 scrolls of silence
Potions
 c - 2 potions of invisibility
 f - 15 potions of brilliance
 j - 2 potions of resistance
 m - 7 potions of curing
 n - 6 potions of mutation
 t - 7 potions of berserk rage
 v - 8 potions of might
 E - 7 potions of ambrosia
 J - a potion of cancellation
 Q - 7 potions of magic
Miscellaneous
 d - a lightning rod (inert)
 q - a box of beasts
 x - a condenser vane (inert)
 S - a phantom mirror
 W - a phial of floods
 X - a tin of tremorstones (inert)


   Skills:
 + Level 23.7 Fighting
 - Level 14.9 Long Blades
 + Level 26.0 Axes
 + Level 1.7(14.9) Polearms
 + Level 9.2 Throwing
 * Level 19.3 Armour
 + Level 11.1 Dodging
 + Level 5.5 Stealth
 - Level 25.3 Shields
 * Level 7.0 Spellcasting
 * Level 7.0 Conjurations
 + Level 7.1 Summonings
 * Level 5.4 Translocations
 * Level 3.4 Transmutations
 * Level 4.5 Fire Magic
 * Level 3.6 Air Magic
 * Level 18.3 Evocations


You had 12 spell levels left.
You knew the following spells:

 Your Spells              Type           Power      Damage    Failure   Level
a - Blink                 Tloc           72%        N/A       7%          2
b - Foxfire               Conj/Fire      100%       2x1d9     4%          1
c - Fireball              Conj/Fire      19%        3d9       69%         5
d - Inner Flame           Hex/Fire       20%        N/A       43%         3
e - Ignite Poison         Fire/Tmut/Pois 22%        N/A       38%         3
f - Poisonous Vapours     Pois/Air       36%        N/A       28%         2
g - Iskenderun's Mystic   Conj/Tloc      40%        2d9       30%         4
h - Swiftness             Air            27%        N/A       26%         3
i - Iskenderun's Battles  Conj           44%        2d10      52%         5

Your spell library contained the following spells:

 Spells                   Type           Power      Damage    Failure   Level
 Magic Dart               Conj           100%       1d8       2%          1
 Summon Small Mammal      Summ           100%       N/A       2%          1
 Call Imp                 Summ           45%        N/A       3%          2
 Searing Ray              Conj           88%        2d7       3%          2
 Shock                    Conj/Air       100%       1d9       4%          1
 Momentum Strike          Conj/Tloc      80%        3d10      4%          2
 Lesser Beckoning         Tloc           72%        N/A       7%          2
 Call Canine Familiar     Summ           45%        N/A       7%          3
 Kiss of Death            Conj/Necr      100%       2d13      10%         1
 Scorch                   Fire           64%        2d8       10%         2
 Beastly Appendage        Tmut           52%        N/A       11%         1
 Gell's Gravitas          Tloc           36%        N/A       13%         3
 Teleport Other           Tloc           36%        N/A       13%         3
 Wereblood                Tmut           26%        N/A       16%         2
 Kindle Blastsparks       Fire/Tloc/Air  64%        2d15      19%         3
 Sting                    Tmut/Pois      68%        1d6       21%         1
 Dazzling Flash           Conj/Hex       52%        N/A       28%         3
 Hailstorm                Conj/Ice       26%        3d7       28%         3
 Mephitic Cloud           Conj/Pois/Air  27%        N/A       28%         3
 Stone Arrow              Conj/Erth      52%        3d10      28%         3
 Summon Guardian Golem    Hex/Summ       27%        N/A       28%         3
 Passwall                 Tmut/Erth      14%        N/A       30%         2
 Cigotuvi's Dreadful Rot  Necr/Pois/Air  30%        N/A       34%         2
 Flame Wave               Conj/Fire      38%        2d10      34%         4
 Sticky Flame             Conj/Fire      38%        2d6       34%         4
 Freeze                   Ice            32%        1d5       38%         1
 Slow                     Hex            32%        N/A       38%         1
 Summon Lightning Spire   Summ/Air       36%        N/A       41%         4
 Sublimation of Blood     Necr           8%         N/A       50%         2
 Spider Form              Tmut/Pois      17%        N/A       50%         3
 Summon Forest            Summ/Tloc      20%        N/A       61%         5
 Airstrike                Air            13%        2d(2-18)  65%         4
 Fulminant Prism          Conj/Hex       13%        3d8       65%         4
 Summon Ice Beast         Ice/Summ       27%        N/A       65%         4
 Confusing Touch          Hex            8%         N/A       73%         3
 Frozen Ramparts          Ice            16%        1d3       73%         3
 Ozocubu's Armour         Ice            8%         N/A       73%         3
 Vampiric Draining        Necr           8%         2d6       73%         3
 Arcjolt                  Conj/Air       18%        1d28      75%         5
 Lightning Bolt           Conj/Air       18%        1d32      75%         5
 Ice Form                 Ice/Tmut       17%        N/A       87%         4
 Freezing Cloud           Conj/Ice/Air   13%        6-21      92%         5
 Summon Mana Viper        Hex/Summ       27%        N/A       92%         5
 Blade Hands              Tmut           13%        N/A       93%         5
 Summon Cactus Giant      Summ           22%        N/A       96%         6
 Anguish                  Hex/Necr       4%         N/A       98%         4
 Cause Fear               Hex            4%         N/A       98%         4
 Olgreb's Toxic Radiance  Pois           8%         N/A       98%         4
 Silence                  Hex/Air        9%         N/A       99%         5
 Yara's Violent Unravell  Hex/Tmut       8%         3d5       99%         5
 Conjure Ball Lightning   Conj/Air       18%        3x3d6     99%         6
 Dispersal                Tloc           18%        N/A       99%         6
 Starburst                Conj/Fire      19%        6d7       99%         6
 Agony                    Necr           8%         N/A       100%        5
 Lee's Rapid Deconstruct  Erth           4%         3d5*      100%        5
 Metabolic Englaciation   Hex/Ice        4%         N/A       100%        5
 Death Channel            Necr           4%         N/A       100%        6
 Eringya's Noxious Bog    Tmut/Pois      8%         N/A       100%        6
 Statue Form              Tmut/Erth      11%        N/A       100%        6
 Dragon Form              Tmut           13%        N/A       100%        7
 Enfeeble                 Hex            4%         N/A       100%        7
 Haunt                    Necr/Summ      13%        N/A       100%        7
 Malign Gateway           Summ/Tloc      20%        N/A       100%        7
 Monstrous Menagerie      Summ           22%        N/A       100%        7
 Orb of Destruction       Conj           22%        9d8       100%        7
 Ozocubu's Refrigeration  Ice            4%         4d8       100%        7
 Spellforged Servitor     Conj/Summ      22%        N/A       100%        7
 Summon Hydra             Summ           22%        N/A       100%        7
 Borgnjor's Revivificati  Necr           4%         N/A       100%        8
 Discord                  Hex            4%         N/A       100%        8
 Disjunction              Tloc           18%        N/A       100%        8
 Ignition                 Fire           16%        3d6       100%        8
 Necromutation            Tmut/Necr      8%         N/A       100%        8
 Death's Door             Necr           4%         N/A       100%        9
 Dragon's Call            Summ           22%        N/A       100%        9
 Fire Storm               Conj/Fire      19%        8d5       100%        9
 Polar Vortex             Ice            4%         N/A       100%        9
 Simulacrum               Ice/Necr       Unusable   N/A       N/A         6

Dungeon Overview and Level Annotations

Branches:
Dungeon (15/15)            Temple (1/1) D:4            Lair (5/5) D:9
 Shoals (4/4) Lair:2        Snake (4/4) Lair:3        Slime (0/5) Lair:4
    Orc (2/2) D:10            Elf (3/3) Orc:2        Vaults (5/5) D:14
  Crypt (3/3) Vaults:3       Tomb (1/3) Crypt:3      Depths (4/4) D:15
    Zot (0/5) Depths:4      Sewer (visited)          Bailey (visited)
 WizLab (visited)         Desolation (visited)      Gauntlet (visited)

Altars:
Ashenzari
Cheibriados
Elyvilon
Gozag
Hepliaklqana
Kikubaaqudgha
Nemelex Xobeh
Okawaru
Ru
Sif Muna
Uskayaw
Wu Jian
Xom
Yredelemnul
Beogh
Jiyva

Shops:
D:8 [   D:11 (   D:13 *   D:14 [   Orc:2 *:[:(   Elf:1 ::((   Elf:2 *
Elf:3 =:==   Snake:4 [([   Vaults:2 (   Vaults:4 [*?[[[[   Vaults:5 [!!!!
Depths:4 *

Portals:
Hell: Depths:1 Depths:2 Depths:3 Depths:4
Abyss: Depths:2 Depths:3
Pandemonium: Depths:1 Depths:2
Trove: Vaults:3 (give 8 potions of haste)


Innate Abilities, Weirdness & Mutations

You are partially covered in iridescent scales. (AC +2)
You have supernaturally acute eyesight. (SInv)
You are strong-willed. (Will+)


Message History

The emperor scorpion convulses! x3; Your body is wracked with pain!
* * * LOW HITPOINT WARNING * * *
The emperor scorpion convulses!
You block the death scarab's attack.
The death scarab is distracted by your dazzling golden aura.
You block the death scarab's attack.
The death scarab's many legs skitter faintly.
As you read the scroll of summoning, it crumbles to dust.
Wisps of shadow whirl around you... You block the death scarab's attack. x3
The death scarab barely misses your mummy.
The death scarab bites your mummy!!
Your mummy is destroyed!
Your mummy dissolves into shadows!
The emperor scorpion is engulfed in negative energy.
You kill the emperor scorpion!
The emperor scorpion's corpse disappears in a puff of smoke!
The emperor scorpion is engulfed in negative energy.
The death scarab bites you!
* * * LOW HITPOINT WARNING * * *
The death scarab drains your vigour!
You feel as though you will be slow longer.
The death scarab draws strength from your injuries!
The royal mummy casts a spell.
Send 'em back where they came from!
Your mummy shudders. x2; Your ushabti dissolves into shadows!
The emperor scorpion is engulfed in negative energy. x2
You kill the emperor scorpion!
The emperor scorpion's corpse disappears in a puff of smoke!
The emperor scorpion is distracted by your dazzling golden aura.
The royal mummy mumbles some strange words.
You feel better.
The death scarab's many legs skitter faintly. x2
The death scarab is no longer distracted by gold. x3
You block the death scarab's attack.
The death scarab waves its antennae.
You block the death scarab's attack. The death scarab bites your mummy!!
Your mummy is destroyed!
Your mummy dissolves into shadows!
The death scarab bites you!
You die...
Your body crumbles into a pile of gold.

▓▓▓▓▓▓
▓▓.........▓▓
▓###.....###▓▓
!#.#.....#P#.▓▓
!###.....###..▓▓
Z)$$.MM.....B...▓▓
$=$$MZsZ§§.Ms.BBM▓▓
:}$MZB$MZ§zB..@∩.▓
$
=.MBzM$.§M§.BBB.▓▓
?..MMMZ§sBM.B..▓▓
)###.M$.M###..▓▓
.#.#BB...#P#.▓▓
▓###.....###▓▓
▓▓.........▓▓
▓▓▓▓▓▓▓▓▓▓▓


You could see 2 royal mummies, 2 emperor scorpions, a mummy priest, 2 guardian
mummies, 9 death scarabs, a flying skull, a storm dragon zombie (summoned) and a
friendly mummy (summoned).

Vanquished Creatures
  3 dread liches
  Mara (Vaults:5)
  2 ancient liches (Vaults:5)
  Josephina (Crypt:1)
  A shard shrike (Zig:8)
  Bai Suzhen (Vaults:4)
  A Killer Klown (Zig:1)
  Frederick (Crypt:2)
  The ghost of Blinkfrogs the Metallomancer, an adept DrCj of Sif Muna (Depths:1)
  3 golden dragons
  2 bone dragons
  Jory (Crypt:3)
  2 doom hounds (Depths:3)
  A Tzitzimitl (Depths:3)
  2 tentacled monstrosities (Vaults:5)
  Zenata (Elf:2)
  3 liches
  Mlioglotl (Shoals:3)
  2 deep elf blademasters
  Grunn (Depths:3)
  3 quicksilver dragons
  2 deep elf master archers (Elf:3)
  10 titans
  Polyphemus (Shoals:2)
  4 ancient champions
  4 acid blobs
  Frances (D:13)
  5 shadow dragons
  5 sphinxes
  8 tengu reavers
  Roxanne (Shoals:1)
  Ilsuiw (Shoals:3)
  2 rockslimes
  A draconian monk (Zig:9)
  5 storm dragons
  4 azure jellies
  Donald (Vaults:3)
  A draconian knight (Depths:4)
  5 nagarajas
  8 fire giants
  2 revenants (Crypt:2)
  2 iron dragons
  A draconian scorcher (Zig:9)
  8 frost giants
  2 narguns (Zig:5)
  An emperor scorpion (Zig:4)
  A ghost moth (Zig:7)
  2 balrugs
  12 vault wardens
  2 curse skulls (Crypt:1)
  9 deep elf sorcerers
  2 imperial myrmidons (Desolation)
  3 deep elf elementalists (Elf:3)
  The ghost of experimato the Fencer, a journeyman DrWn of Gozag (D:15)
  2 orc warlords
  Aizul (Depths:2)
  A draconian stormcaller (Depths:4)
  A draconian annihilator (Zig:9)
  A caustic shrike zombie (Crypt:3)
  12 stone giants
  A spriggan defender (Depths:2)
  15 ghouls
  2 reapers
  A broodmother (Zig:7)
  18 ironbound preservers
  17 very ugly things
  An ironbound thunderhulk (Vaults:1)
  3 war gargoyles
  9 deep elf demonologists
  A demonspawn blood saint (WizLab)
  4 quicksilver oozes
  A black draconian (Zig:9)
  17 vampire knights
  4 halazid warlocks (Desolation)
  A purple draconian (Depths:4)
  8 deep elf annihilators
  A minotaur (Gauntlet)
  2 green draconians
  A lorocyproca (WizLab)
  A white draconian (Zig:9)
  3 dire elephants (Vaults:1)
  6 wendigos
  4 yellow draconians
  A spark wasp (Zig:7)
  4 red draconians
  A crystal guardian (Desolation)
  10 ettins
  2 blizzard demons
  A green death (WizLab)
  3 eidola (Crypt:1)
  An iron golem (Zig:6)
  8 merfolk javelineers
  8 deep elf death magi
  4 ragged hierophants (Desolation)
  11 fire dragons
  7 merfolk impalers
  A fire dragon (shapeshifter) (Vaults:5)
  4 mummy priests
  5 deep elf high priests
  19 yaktaur captains
  10 jiangshi
  4 entropy weavers
  An ettin (shapeshifter) (Depths:4)
  2 spriggan zombies
  7 great orbs of eyes
  8 servants of whispers (Desolation)
  27 vault guards
  8 hydras
  6 ice dragons
  5 rakshasas
  7 peacekeepers
  2 spriggan air magi
  2 ogre magi (Vaults:5)
  9 salamander tyrants
  A hell beast (WizLab)
  A merfolk avatar (Shoals:3)
  9 ironbound frosthearts
  7 anacondas
  2 alligator snapping turtles (Shoals:4)
  4 catoblepae
  2 two-headed ogres
  A radroach (Zig:4)
  7 merfolk aquamancers (Shoals:4)
  15 centaur warriors
  5 death knights
  28 dancing weapons
  7 boulder beetles
  5 death yaks
  3 death scarabs
  3 satyrs
  9 vampire magi
  16 deep troll earth magi
  Urug (Orc:1)
  11 deep troll shamans
  A spriggan berserker (Depths:4)
  11 tengu warriors
  10 naga warriors
  An orc high priest (Orc:2)
  23 naga sharpshooters
  A bennu skeleton (Crypt:1)
  Sonja (Lair:2)
  A soul eater (WizLab)
  13 shock serpents
  4 hell knights (Depths:4)
  12 iron trolls
  Amaemon (Lair:2)
  15 deep elf knights
  7 sixfirhies
  3 sun demons (WizLab)
  A storm dragon skeleton (Vaults:3)
  A shadow wraith (Crypt:3)
  A pharaoh ant (Zig:7)
  A fire crab (Lair:5)
  An anaconda zombie (Crypt:3)
  A glowing orange brain (shapeshifter) (D:15)
  8 sea snakes
  6 naga ritualists
  8 salamander mystics
  65 deep trolls
  An orb spider (Zig:7)
  4 glowing orange brains
  50 skeletal warriors
  A bunyip zombie (Crypt:3)
  6 flayed ghosts
  4 bog bodies
  A shadow demon (WizLab)
  A wolf spider zombie (Crypt:3)
  15 deep elf archers
  A bunyip skeleton (Crypt:2)
  9 wizards
  20 harpies
  A tengu zombie (Vaults:1)
  4 orc knights
  23 phantasmal warriors
  15 necromancers
  2 spriggan simulacra
  A steelbarb worm (shapeshifter) (Elf:1)
  18 deep elf zephyrmancers
  6 lindwurms
  10 orc sorcerers
  2 wolf spiders (Zig:7)
  12 ironbound convokers
  13 fauns
  33 deep elf pyromancers
  11 cyclopes
  A salamander (shapeshifter) (Vaults:5)
  29 salamanders
  11 mana vipers
  28 ugly things
  3 shining eyes
  A tengu skeleton (Vaults:3)
  18 manticores
  A sphinx skeleton (Vaults:3)
  7 elephants
  2 moths of wrath (Zig:4)
  A shadow dragon skeleton (Vaults:3)
  3 human skeletons (Vaults:3)
  3 oklob plants (D:11)
  5 centaur zombies
  3 eyes of devastation
  9 merfolk sirens
  16 vault sentinels
  2 fire giant skeletons
  18 naga magi
  3 stone giant skeletons
  A shock serpent zombie (Crypt:3)
  11 guardian serpents
  7 rust devils
  2 gargoyles
  9 centaur skeletons (Crypt:3)
  2 alligator snapping turtle zombies
  A shock serpent skeleton (Crypt:3)
  14 cane toads
  An apocalypse crab (Zig:2)
  49 black mambas
  An orange demon (Lair:2)
  6 water nymphs
  2 dire elephant skeletons
  4 molten gargoyles
  2 torpor snails
  A yellow draconian zombie (Crypt:3)
  35 yaktaurs
  3 tormentors
  5 unseen horrors
  4 rime drakes
  A swamp worm zombie (Crypt:2)
  An ice devil (WizLab)
  2 hellions (WizLab)
  5 kobold demonologists
  10 komodo dragons
  A yaktaur (shapeshifter) (Depths:1)
  A yaktaur zombie (Vaults:1)
  2 bunyip simulacra (Crypt:1)
  3 harpy zombies
  2 red devils (WizLab)
  A white draconian skeleton (Crypt:1)
  7 freezing wraiths
  A steelbarb worm zombie (Crypt:3)
  7 tengu conjurers
  4 trolls
  6 guardian mummies
  A catoblepas skeleton (Crypt:2)
  27 merfolk
  4 hellwings (WizLab)
  2 polar bears
  A queen bee (shapeshifter) (Elf:3)
  5 hornets
  9 wind drakes
  13 dream sheep
  2 harpy skeletons (Crypt:3)
  A tarantella (Vaults:1)
  An ettin zombie (Crypt:3)
  A raiju (shapeshifter) (Elf:1)
  A hornet (shapeshifter) (Depths:2)
  43 saltlings
  A blink frog (shapeshifter) (D:14)
  32 slime creatures
  2 jumping spiders (Zig:7)
  23 blink frogs
  5 snapping turtles
  A stone giant simulacrum (Crypt:1)
  An ice dragon skeleton (Crypt:2)
  3 flying skulls (Zig:12)
  A slime creature (shapeshifter) (Vaults:5)
  A centaur simulacrum (Crypt:3)
  A human simulacrum (Vaults:1)
  4 vampires
  4 spriggans (Depths:2)
  6 air elementals
  15 wraiths
  6 wyverns
  An elf skeleton (Vaults:3)
  An ettin skeleton (Crypt:1)
  25 water elementals
  An ushabti (Zig:12)
  2 shadows
  A ynoxinul (WizLab)
  A naga simulacrum (Crypt:1)
  25 yaks
  3 large abominations (Depths:2)
  A golden eye (Zig:11)
  2 fire elementals
  6 basilisks (Lair:5)
  6 steam dragons
  2 redbacks (Vaults:1)
  5 chaos spawn
  5 wargs
  2 harpy simulacra
  41 nagas
  A glowing shapeshifter zombie (Crypt:2)
  Edmund (D:6)
  A demonspawn zombie (Crypt:1)
  3 glowing shapeshifter skeletons (Vaults:3)
  4 hell hounds
  11 water moccasins
  2 floating eyes
  2 sky beasts (D:7)
  An ice beast (D:7)
  A sky beast (shapeshifter) (Vaults:5)
  A two-headed ogre skeleton (Crypt:1)
  A swamp dragon zombie (Crypt:3)
  An ettin simulacrum (Crypt:1)
  32 orc warriors
  2 black mamba simulacra (Crypt:1)
  2 hornet zombies
  5 boggarts (D:14)
  6 ogres
  19 wolves
  8 centaurs
  A dream sheep skeleton (Crypt:1)
  An elephant skeleton (Crypt:1)
  A phantom (D:5)
  8 small abominations (Depths:2)
  6 kobold brigands
  13 bullfrogs
  A human zombie (Vaults:1)
  7 necrophages
  An earth elemental (Elf:3)
  3 scorpions
  4 wights (D:7)
  A shapeshifter zombie (Crypt:2)
  4 killer bees
  3 howler monkeys
  A yak skeleton (Crypt:1)
  A shapeshifter skeleton (Crypt:3)
  5 lava snakes (Lair:5)
  4 jellies
  A jelly (shapeshifter) (Vaults:5)
  A gnoll bouda (D:8)
  12 orc priests
  6 hounds
  2 iguanas
  25 orc wizards
  A boggart skeleton (Crypt:3)
  3 boggart zombies (Crypt:3)
  7 mummies (Zig:12)
  Robin (D:2)
  7 gnolls
  7 adders
  A swamp drake skeleton (Crypt:3)
  3 white imps
  An iguana zombie (Crypt:1)
  An adder zombie (Crypt:2)
  4 worms
  8 dart slugs (D:3)
  68 orcs
  2 bat skeletons
  7 endoplasms
  8 giant cockroaches
  22 goblins
  9 hobgoblins
  4 jackals (D:4)
  38 kobolds
  8 quokkas
  8 ball pythons
  4 frilled lizards
  A goblin skeleton (Crypt:2)
  10 rats
  A river rat skeleton (Crypt:1)
  A spectral orc (D:8)
  A fungus (Orc:2)
2253 creatures vanquished.

Vanquished Creatures (collateral kills)
  Hellbinder (WizLab)
  A cacodemon (WizLab)
  A lorocyproca (WizLab)
  A servant of whispers (Desolation)
  A vampire mage (Depths:2)
  A wizard (Depths:2)
  A rust devil (WizLab)
  An orange demon (WizLab)
  A hellwing (WizLab)
9 creatures vanquished.

Vanquished Creatures (others)
  A fire dragon (Depths:4)
  A naga sharpshooter (Snake:4)
  2 deep elf pyromancers
  An orc knight (Orc:2)
  A wind drake (Shoals:4)
  2 water elementals (Shoals:4)
  2 electric eels (D:13)
  A demonic plant (Gauntlet)
  71 fungi
  172 plants
  6 withered plants (D:2)
260 creatures vanquished.

Grand Total: 2522 creatures vanquished

Notes
Turn   | Place    | Note
-------+----------+-------------------------------------------
     0 | D:1      | Dorkslayer the Hill Orc Fighter began the quest for the
                  | Orb.
     0 | D:1      | Reached XP level 1. HP: 19/19 MP: 1/1
   166 | D:1      | Reached XP level 2. HP: 23/27 MP: 2/2
   495 | D:1      | Reached XP level 3. HP: 26/33 MP: 3/3
  1085 | D:2      | Reached skill level 1 in Dodging
  1398 | D:2      | Found a faded altar of an unknown god.
  1451 | D:2      | Reached skill level 3 in Axes
  1633 | D:2      | Reached XP level 4. HP: 40/40 MP: 4/4
  1646 | D:2      | Noticed Robin
  1659 | D:2      | Killed Robin
  2095 | D:3      | Found a broken altar of Ashenzari.
  2106 | D:3      | Found a sparkling altar of Nemelex Xobeh.
  2247 | D:3      | Reached XP level 5. HP: 46/46 MP: 5/5
  2248 | D:3      | Found a glowing drain.
  2270 | Sewer    | Entered a sewer
  2329 | Sewer    | Noticed a kobold brigand
  2343 | Sewer    | Killed a kobold brigand
  2344 | Sewer    | Reached skill level 4 in Axes
  2394 | Sewer    | Noticed a kobold brigand
  2394 | Sewer    | Noticed a kobold brigand
  2401 | Sewer    | Killed a kobold brigand
  2402 | Sewer    | Reached XP level 6. HP: 44/53 MP: 6/6
  2403 | Sewer    | Reached skill level 5 in Axes
  2924 | D:4      | Found a staircase to the Ecumenical Temple.
  2931 | Temple   | Entered the Ecumenical Temple
  2951 | Temple   | Became a worshipper of Gozag Ym Sagoz the Greedy
  3015 | D:4      | Found an iron altar of Okawaru.
  3184 | D:4      | Reached XP level 7. HP: 56/60 MP: 7/7
  3297 | D:4      | Reached skill level 6 in Axes
  3579 | D:5      | Entered Level 5 of the Dungeon
  3583 | D:5      | Reached skill level 5 in Fighting
  3728 | D:5      | Reached skill level 7 in Axes
  3827 | D:5      | Reached skill level 5 in Armour
  3895 | D:5      | Reached XP level 8. HP: 56/68 MP: 8/8
  4044 | D:5      | Reached skill level 8 in Axes
  4793 | D:6      | Noticed Edmund
  4818 | D:6      | Killed Edmund
  4819 | D:6      | Reached skill level 5 in Shields
  4831 | D:6      | Identified 2 scrolls of acquirement
  4832 | D:6      | Acquired 780 gold pieces
  4834 | D:6      | Acquired a manual of Evocations
  4999 | D:6      | Upgraded the game from 0.30-a0-702-gdf48620 to
                  | 0.30-a0-711-gf4ac18a
  5074 | D:7      | Reached skill level 1 in Evocations
  5152 | D:7      | Reached skill level 1 in Throwing
  5158 | D:7      | Reached skill level 9 in Axes
  5205 | D:7      | Reached XP level 9. HP: 75/75 MP: 9/9
  5434 | D:7      | Found an ancient bone altar of Kikubaaqudgha.
  5525 | D:7      | Reached skill level 10 in Axes
  5635 | D:8      | Found Ulooviyts's Armour Shop.
  5664 | D:8      | Killed an unseen horror
  5703 | D:8      | Found a flagged portal.
  5718 | Bailey   | Entered a bailey
  5723 | Bailey   | Noticed an orc warlord
  5755 | Bailey   | Noticed an orc knight
  5775 | Bailey   | Killed an orc knight
  5794 | Bailey   | Reached XP level 10. HP: 37/86 MP: 10/10
  5854 | Bailey   | Found a runed translucent gate.
  5856 | Bailey   | Found a runed translucent gate.
  5858 | Bailey   | Found a runed translucent gate.
  5986 | Bailey   | Killed an orc warlord
  5987 | Bailey   | Reached skill level 1 in Stealth
  5987 | Bailey   | Reached skill level 5 in Evocations
  6011 | Bailey   | Got the Elucidation of Injury and Anemomancy
  6046 | D:8      | Acquired the +0 helmet of Loick {rF+ rC+ rN+ Dex+2}
  6237 | D:8      | Found a snail-covered altar of Cheibriados.
  6310 | D:8      | Reached skill level 11 in Axes
  6676 | D:8      | Found Ostreine's Distillery.
  6819 | D:8      | Found a basalt altar of Yredelemnul.
  6903 | D:9      | Noticed a kobold demonologist
  7002 | D:9      | You fall into a shaft and drop 1 floor!
  7002 | D:10     | Entered Level 10 of the Dungeon
  7109 | D:10     | Noticed a gargoyle
  7118 | D:10     | Killed a gargoyle
  7119 | D:10     | Reached skill level 12 in Axes
  7119 | D:10     | Reached XP level 11. HP: 71/95 MP: 11/11
  7218 | D:9      | Reached skill level 5 in Throwing
  7391 | D:9      | Found a staircase to the Lair.
  7486 | D:9      | Noticed a brown ugly thing
  7504 | D:9      | Killed a brown ugly thing
  7762 | D:10     | Found a staircase to the Orcish Mines.
  7904 | D:10     | Noticed a soul eater
  8114 | D:10     | Noticed a deep elf pyromancer
  8119 | D:10     | Killed a deep elf pyromancer
  8120 | D:10     | Reached skill level 13 in Axes
  8137 | D:10     | Got the Codex of the Assembled Inferno
  8153 | D:10     | Got the Spellbook of Transformation and the Dose
  8453 | D:11     | Noticed an oklob plant
  8454 | D:11     | Noticed an oklob plant
  8454 | D:11     | Noticed an oklob plant
  8460 | D:11     | Paralysed by a floating eye for 2 turns
  8530 | D:11     | Noticed a cyclops
  8536 | D:11     | Killed a cyclops
  8663 | D:11     | Noticed a cyclops
  8668 | D:11     | Killed a cyclops
  8904 | Orc:1    | Entered Level 1 of the Orcish Mines
  8997 | Orc:1    | Noticed an orc sorcerer
  9006 | Orc:1    | Killed an orc sorcerer
  9007 | Orc:1    | Reached skill level 10 in Fighting
  9076 | Orc:1    | Noticed an orc knight
  9084 | Orc:1    | Noticed an orc sorcerer
  9096 | Orc:1    | Reached XP level 12. HP: 84/106 MP: 12/12
  9249 | Orc:1    | Noticed Urug
  9261 | Orc:1    | Killed Urug
  9348 | Orc:2    | Entered Level 2 of the Orcish Mines
  9365 | Orc:2    | Found a staircase to the Elven Halls.
  9392 | Orc:2    | Reached skill level 14 in Axes
  9549 | Orc:2    | Noticed an orc high priest
  9555 | Orc:2    | Reached skill level 1 in Long Blades
  9559 | Orc:2    | Killed an orc high priest
  9581 | Orc:2    | Found Unobaf's General Store.
  9582 | Orc:2    | Noticed a sun demon
  9609 | Orc:2    | Noticed an orc warlord
  9647 | Orc:2    | Paralysed by an orc sorcerer for 3 turns
  9654 | Orc:2    | Killed an orc warlord
  9670 | Orc:2    | Found Ihuric's Antique Armour Shoppe.
  9681 | Orc:2    | Found Jyjioscho's Self-Improvement Boutique.
  9689 | Orc:2    | Bought a manual of Long Blades for 1120 gold pieces
  9689 | Orc:2    | Bought a manual of Axes for 1120 gold pieces
  9760 | Orc:2    | Bought a potion of curing for 39 gold pieces
  9760 | Orc:2    | Bought 2 throwing nets for 78 gold pieces
  9838 | Orc:2    | Found a roughly hewn altar of Beogh.
  9851 | Orc:2    | Found Riedarur's Book Emporium.
  9860 | Orc:2    | Reached skill level 10 in Evocations
  9889 | Orc:2    | Reached skill level 15 in Axes
  9891 | Orc:2    | Found Diceghuh's Antique Weapon Emporium.
 10043 | Orc:2    | Bought a masterwork plate armour for 1036 gold pieces
 10043 | Orc:2    | Identified the +4 plate armour "Peguat" {Int+5 Dex-2
                  | Stlth+} (You bought it in a shop on level 2 of the Orcish
                  | Mines)
 10258 | Orc:2    | Bought a distressingly furry cloak for 351 gold pieces
 10258 | Orc:2    | Identified the +0 cloak "Hiaqith" {rF+ Dex+3} (You bought
                  | it in a shop on level 2 of the Orcish Mines)
 10579 | Lair:1   | Entered Level 1 of the Lair of Beasts
 10753 | Lair:1   | Reached XP level 13. HP: 73/116 MP: 13/13
 11214 | Lair:1   | Reached skill level 5 in Dodging
 11510 | Lair:2   | Reached skill level 16 in Axes
 11531 | Lair:2   | Reached skill level 5 in Long Blades
 11541 | Lair:2   | Found a staircase to the Shoals.
 12193 | Lair:2   | Noticed Sonja
 12196 | Lair:2   | Killed Sonja
 12265 | Lair:2   | Noticed Amaemon
 12281 | Lair:2   | Killed Amaemon
 12282 | Lair:2   | Reached skill level 17 in Axes
 12282 | Lair:2   | Reached skill level 10 in Armour
 13223 | Lair:3   | Reached XP level 14. HP: 127/127 MP: 14/14
 13303 | Lair:3   | Found a staircase to the Snake Pit.
 14011 | Lair:4   | Found a staircase to the Slime Pits.
 14012 | Lair:4   | Found a viscous altar of Jiyva.
 14606 | Lair:5   | Entered Level 5 of the Lair of Beasts
 14659 | Lair:5   | Reached skill level 18 in Axes
 15064 | Lair:5   | Found a large runed translucent door.
 15064 | Lair:5   | Found a large runed translucent door.
 15469 | Lair:5   | Got the Volume of the Fjord and Shadows
 15477 | Lair:5   | Reached skill level 10 in Shields
 16453 | D:11     | Identified the +6 falchion "Blob" {vamp, rPois Will+ rCorr
                  | Stlth+}
 16598 | D:11     | Found Bank's Weapon Emporium.
 16617 | D:11     | Bought a throwing net for 36 gold pieces
 17233 | D:12     | Reached XP level 15. HP: 118/136 MP: 15/15
 17616 | D:13     | Found Jamice's General Store.
 17642 | D:13     | Bought a potion of curing for 36 gold pieces
 17642 | D:13     | Bought a potion of might for 48 gold pieces
 17668 | D:13     | Bought a +2 helmet of see invisible for 258 gold pieces
 18053 | D:13     | Noticed Frances
 18068 | D:13     | Killed Frances
 18069 | D:13     | Reached skill level 19 in Axes
 18264 | D:13     | Reached skill level 10 in Long Blades
 18578 | D:14     | Found a gate leading to a gauntlet.
 18588 | Gauntlet | Entered a Gauntlet
 18588 | Gauntlet | Found a transporter.
 18588 | Gauntlet | Found a transporter.
 18591 | Gauntlet | Found a transporter.
 18593 | Gauntlet | Found a transporter.
 18593 | Gauntlet | Found a transporter.
 18639 | Gauntlet | Found a transporter.
 18642 | Gauntlet | Found a transporter.
 18642 | Gauntlet | Found a transporter.
 18656 | Gauntlet | Found a transporter.
 18672 | Gauntlet | Found a transporter.
 18681 | Gauntlet | Found a runed translucent door.
 18682 | Gauntlet | Found a transporter.
 18683 | Gauntlet | Found a runed translucent door.
 18696 | Gauntlet | Found a transporter.
 18718 | Gauntlet | Found a transporter.
 18861 | Gauntlet | Found a transporter.
 19032 | Gauntlet | Got the Octavo of the Hot Autopsy
 19047 | D:14     | Found Uscha's Armour Shoppe.
 19445 | D:14     | Found a gate to the Vaults.
 20080 | D:15     | Entered Level 15 of the Dungeon
 20502 | D:15     | Reached XP level 16. HP: 146/147 MP: 16/16
 20563 | D:15     | Found a staircase to the Depths.
 20748 | D:15     | Found a runed translucent door.
 20748 | D:15     | Found a shimmering altar of Xom.
 20748 | D:15     | Noticed experimato's ghost (journeyman DrWn)
 20748 | D:15     | Identified the +0 broad axe of Ruupluru {chaos, rPois rN+
                  | Str+5}
 20787 | D:15     | Reached skill level 15 in Fighting
 20959 | D:15     | Killed experimato's ghost
 21390 | Depths:1 | Entered Level 1 of the Depths
 21397 | Depths:1 | Found a sparkling altar of Nemelex Xobeh.
 21715 | Depths:1 | Found a runed translucent gate.
 21716 | Depths:1 | Found a runed translucent gate.
 21730 | Depths:1 | Found a runed translucent gate.
 21738 | Depths:1 | Noticed Blinkfrogs's ghost (adept DrCj)
 21918 | Depths:1 | Reached skill level 20 in Axes
 21938 | Depths:1 | Found a one-way gate leading to the halls of Pandemonium.
 22768 | Orc:2    | Bought a runed plate armour for 962 gold pieces
 22860 | D:13     | Bought the +10 tower shield of Ignorance {rN+ Int-4} for
                  | 687 gold pieces
 22860 | D:13     | Found the +10 tower shield of Ignorance {rN+ Int-4}
 22860 | D:13     | Bought a condenser vane for 480 gold pieces
 23009 | Shoals:1 | Entered Level 1 of the Shoals
 23241 | Shoals:1 | Gained mutation: You are frail. (-10% HP) [potion of
                  | mutation]
 23241 | Shoals:1 | Gained mutation: Your system is resistant to poisons.
                  | (rPois) [potion of mutation]
 23242 | Shoals:1 | Lost mutation: Your system is resistant to poisons. (rPois)
                  | [potion of mutation]
 23242 | Shoals:1 | Lost mutation: You are frail. (-10% HP) [potion of
                  | mutation]
 23242 | Shoals:1 | Gained mutation: You are partially covered in iridescent
                  | scales. (AC +2) [potion of mutation]
 23242 | Shoals:1 | Gained mutation: You passively dampen the noise of your
                  | surroundings. [potion of mutation]
 23242 | Shoals:1 | Gained mutation: You are robust. (+10% HP) [potion of
                  | mutation]
 23312 | Shoals:1 | Identified Roxanne's Compilation of the Shapeshifter
 23312 | Shoals:1 | Noticed Roxanne
 23359 | Shoals:1 | Killed Roxanne
 24263 | Shoals:2 | Noticed Polyphemus
 24294 | Shoals:2 | Killed Polyphemus
 24760 | Shoals:3 | Noticed Ilsuiw
 24769 | Shoals:3 | Reached XP level 17. HP: 134/172 MP: 17/17
 24800 | Shoals:3 | Killed Ilsuiw
 25498 | Shoals:3 | Noticed Mlioglotl
 25511 | Shoals:3 | Killed Mlioglotl
 25815 | Shoals:4 | Entered Level 4 of the Shoals
 26208 | Shoals:4 | Paralysed by an air elemental for 1 turns
 26215 | Shoals:4 | Paralysed by an air elemental for 1 turns
 26219 | Shoals:4 | Paralysed by an air elemental for 1 turns
 26676 | Shoals:4 | Paralysed by an air elemental for 1 turns
 27040 | Shoals:4 | Paralysed by an air elemental for 1 turns
 27043 | Shoals:4 | Paralysed by an air elemental for 1 turns
 27210 | Shoals:4 | Reached skill level 15 in Shields
 27239 | Shoals:4 | Noticed a titan
 27378 | Shoals:4 | Killed a titan
 27643 | Shoals:4 | Identified the ring of Kuttubry {Str+6 Int+2}
 27650 | Shoals:4 | Identified the ring "Nunoth" {rF+ rC++ rN+ rCorr Dex-2}
 27654 | Shoals:4 | Got a barnacled rune of Zot
 27868 | Snake:1  | Entered Level 1 of the Snake Pit
 27904 | Snake:1  | Reached XP level 18. HP: 172/184 MP: 18/18
 30545 | Snake:2  | Reached skill level 21 in Axes
 33124 | Snake:3  | Reached XP level 19. HP: 192/194 MP: 10/19
 33943 | Snake:4  | Entered Level 4 of the Snake Pit
 34030 | Snake:4  | Found Vufoesoah's Antique Armour Shoppe.
 34857 | Snake:4  | Found Onull's Armour Shoppe.
 34857 | Snake:4  | Found Lineifyo's Weapon Emporium.
 35178 | Snake:4  | Reached skill level 15 in Evocations
 35937 | Snake:4  | Got a serpentine rune of Zot
 36173 | Snake:2  | Upgraded the game from 0.30-a0-711-gf4ac18a to
                  | 0.30-a0-715-gdb4ae3e
 36946 | Orc:2    | Bought a +1 pair of gloves of infusion for 214 gold pieces
 37517 | Vaults:1 | Entered Level 1 of the Vaults
 37614 | Vaults:1 | Found a magical portal.
 37642 | WizLab   | Entered The Hall of the Hellbinder
 38749 | WizLab   | Found a burning altar of Makhleb.
 38749 | WizLab   | Noticed Gunoph
 38752 | WizLab   | Noticed a Hell Sentinel
 38757 | WizLab   | Killed Gunoph the Hellbinder
 38764 | WizLab   | Gained mutation: Armour fits poorly on your strangely
                  | shaped body. [a cacodemon]
 38790 | WizLab   | Identified the amulet of Ufauts {Reflect rElec Str+4 SH+5
                  | Stlth+}
 38813 | WizLab   | Got Tismaonk's Octavo of Sidekicks
 38973 | Vaults:1 | Paralysed by a great orb of eyes for 5 turns
 38979 | Vaults:1 | Reached XP level 20. HP: 144/205 MP: 12/20
 40217 | Vaults:1 | Identified the +6 arbalest of Fosenoud {freeze, Int+2}
 40943 | Vaults:2 | Reached skill level 15 in Armour
 41299 | Vaults:2 | Reached skill level 22 in Axes
 41299 | Vaults:2 | Reached skill level 10 in Dodging
 41545 | Vaults:2 | Found Feko's Weapon Emporium.
 41876 | Vaults:2 | You fall into a shaft and drop 1 floor!
 42470 | Vaults:3 | Noticed Donald
 42478 | Vaults:3 | Killed Donald
 42481 | Vaults:3 | Lost mutation: You are robust. (+10% HP) [potion of
                  | mutation]
 42481 | Vaults:3 | Lost mutation: You passively dampen the noise of your
                  | surroundings. [potion of mutation]
 42481 | Vaults:3 | Gained mutation: You are strong-willed. (Will+) [potion of
                  | mutation]
 42481 | Vaults:3 | Gained mutation: Your mind is acute. (Int +4, Str/Dex -1)
                  | [potion of mutation]
 42481 | Vaults:3 | Gained mutation: You are mostly covered in iridescent
                  | scales. (AC +4) [potion of mutation]
 42481 | Vaults:3 | Gained mutation: Your flesh is cold resistant. (rC+)
                  | [potion of mutation]
 42535 | Vaults:3 | Found a portal to a secret trove of treasure.
 42997 | Vaults:3 | Reached XP level 21. HP: 196/196 MP: 0/21
 43545 | Vaults:3 | Found a staircase to the Crypt.
 44339 | Vaults:4 | Found Bar Vaun's Armour Emporium.
 44730 | Vaults:4 | Found Ajihuxtu's Antique Armour Boutique.
 44738 | Vaults:4 | Bought a translucent plate armour for 728 gold pieces
 44738 | Vaults:4 | Identified the +1 plate armour of Recklessness {Fly rC+
                  | Str+3} (You bought it in a shop on level 4 of the Vaults)
 44923 | Vaults:4 | Found Xaif's Magic Scroll Emporium.
 44953 | Vaults:4 | Noticed Bai Suzhen
 44969 | Vaults:4 | Killed Bai Suzhen
 45101 | Vaults:4 | Bought 2 scrolls of immolation for 112 gold pieces
 45101 | Vaults:4 | Bought a scroll of magic mapping for 105 gold pieces
 45101 | Vaults:4 | Bought a scroll of blinking for 105 gold pieces
 45101 | Vaults:4 | Bought a scroll of blinking for 105 gold pieces
 45101 | Vaults:4 | Bought a scroll of enchant armour for 105 gold pieces
 45101 | Vaults:4 | Bought a scroll of blinking for 105 gold pieces
 45114 | Vaults:4 | Found Gypesk's Assorted Antiques.
 45136 | Vaults:4 | Bought a scroll of teleportation for 81 gold pieces
 45286 | Vaults:4 | Found Gigexk Utza's Armour Shoppe.
 45550 | Vaults:5 | Entered Level 5 of the Vaults
 45649 | Vaults:5 | Noticed an ancient lich
 45674 | Vaults:5 | Noticed a golden dragon
 45676 | Vaults:5 | Noticed Mara
 45693 | Vaults:5 | Killed a golden dragon
 45695 | Vaults:5 | Killed Mara
 45699 | Vaults:5 | Reached skill level 23 in Axes
 45699 | Vaults:5 | Killed an ancient lich
 45730 | Vaults:5 | Noticed a dread lich
 45750 | Vaults:5 | Killed a dread lich
 45751 | Vaults:5 | Reached XP level 22. HP: 28/209 MP: 0/22
 46141 | Vaults:5 | Found Doguekh's Distillery.
 46145 | Vaults:5 | Bought a potion of haste for 110 gold pieces
 46145 | Vaults:5 | Bought a potion of curing for 33 gold pieces
 46145 | Vaults:5 | Bought a potion of invisibility for 88 gold pieces
 46145 | Vaults:5 | Bought a potion of berserk rage for 55 gold pieces
 46145 | Vaults:5 | Bought a potion of berserk rage for 55 gold pieces
 46145 | Vaults:5 | Bought 2 potions of magic for 176 gold pieces
 46280 | Vaults:5 | Found Wejofop's Distillery.
 46291 | Vaults:5 | Bought a potion of cancellation for 144 gold pieces
 46291 | Vaults:5 | Bought a potion of curing for 54 gold pieces
 46291 | Vaults:5 | Bought a potion of invisibility for 144 gold pieces
 46291 | Vaults:5 | Bought a potion of curing for 54 gold pieces
 46291 | Vaults:5 | Bought a potion of ambrosia for 144 gold pieces
 46291 | Vaults:5 | Bought a potion of magic for 144 gold pieces
 46309 | Vaults:5 | Found Tayjap's Distillery.
 46313 | Vaults:5 | Bought a potion of berserk rage for 70 gold pieces
 46313 | Vaults:5 | Bought a potion of curing for 42 gold pieces
 46313 | Vaults:5 | Bought a potion of heal wounds for 70 gold pieces
 46313 | Vaults:5 | Bought a potion of curing for 42 gold pieces
 46313 | Vaults:5 | Bought a potion of invisibility for 112 gold pieces
 46313 | Vaults:5 | Bought a potion of might for 56 gold pieces
 46330 | Vaults:5 | Found Irurghed's Distillery.
 46506 | Vaults:5 | Bought a potion of curing for 39 gold pieces
 46506 | Vaults:5 | Bought a potion of mutation for 104 gold pieces
 46506 | Vaults:5 | Bought a potion of curing for 39 gold pieces
 46506 | Vaults:5 | Bought a potion of haste for 130 gold pieces
 47166 | Vaults:5 | Identified the ring of Qoer {MP+9 Int+6}
 47315 | Vaults:5 | Identified the +5 long sword "Riupune" {heavy, rPois rF+
                  | Int-2 Dex+8}
 47315 | Vaults:5 | Noticed a golden dragon
 47335 | Vaults:5 | Killed a golden dragon
 47646 | Vaults:5 | Identified the ring of Uprof {Ice Will++ rCorr}
 47717 | Vaults:5 | Found Etrafoich's Antique Armour Shop.
 47729 | Vaults:5 | Bought a shiny plate armour for 728 gold pieces
 47729 | Vaults:5 | Bought a runed plate armour for 728 gold pieces
 47737 | Vaults:5 | Identified the +2 cloak of the Toothy God {Str+3 SInv}
 48246 | Vaults:5 | Identified the +10 trident "Worm's Wrath" {heavy, *Noise
                  | rC+++ Will+ Str+3}
 48496 | Vaults:5 | Identified the +5 scimitar "Kyfeic" {drain, rF++ rC- Dex+5}
 48546 | Vaults:5 | Got a silver rune of Zot
 48743 | Vaults:5 | Reached skill level 1 in Polearms
 48744 | Vaults:5 | Noticed an ancient lich
 48750 | Vaults:5 | Noticed a dread lich
 48761 | Vaults:5 | Killed an ancient lich
 48776 | Vaults:5 | Killed a dread lich
 49164 | Vaults:5 | Got the Meditations on Flames and Snow
 49593 | Vaults:4 | Bought a glimmering plate armour for 700 gold pieces
 49593 | Vaults:4 | Identified the +0 plate armour of Grand the Leaf {Int+5}
                  | (You bought it in a shop on level 4 of the Vaults)
 49593 | Vaults:4 | Bought a pair of dazzling boots for 237 gold pieces
 49593 | Vaults:4 | Identified the +0 pair of boots "Wonuisen" {Dex+3 Slay+4}
                  | (You bought it in a shop on level 4 of the Vaults)
 49616 | Vaults:4 | Bought a crude tower shield for 399 gold pieces
 49616 | Vaults:4 | Identified the +6 tower shield "Fatigh" {rCorr} (You bought
                  | it in a shop on level 4 of the Vaults)
 49616 | Vaults:4 | Bought a pair of smoking boots for 399 gold pieces
 49616 | Vaults:4 | Identified the +1 pair of boots of Meikiept {*Corrode rC+
                  | Will+ Int+4} (You bought it in a shop on level 4 of the
                  | Vaults)
 49628 | Vaults:4 | Lost mutation: You are strong-willed. (Will+) [potion of
                  | mutation]
 49628 | Vaults:4 | Lost mutation: You are mostly covered in iridescent scales.
                  | (AC +4) [potion of mutation]
 49628 | Vaults:4 | Gained mutation: You possess an exceptional clarity of
                  | mind. [potion of mutation]
 49628 | Vaults:4 | Lost mutation: You possess an exceptional clarity of mind.
                  | [potion of mutation]
 49628 | Vaults:4 | Gained mutation: You passively map a small area around you.
                  | [potion of mutation]
 49629 | Vaults:4 | Lost mutation: You passively map a small area around you.
                  | [potion of mutation]
 49629 | Vaults:4 | Lost mutation: You are partially covered in iridescent
                  | scales. (AC +2) [potion of mutation]
 49629 | Vaults:4 | Lost mutation: Your mind is acute. (Int +4, Str/Dex -1)
                  | [potion of mutation]
 49630 | Vaults:4 | Lost mutation: Armour fits poorly on your strangely shaped
                  | body. [potion of mutation]
 49630 | Vaults:4 | Lost mutation: Your flesh is cold resistant. (rC+) [potion
                  | of mutation]
 49630 | Vaults:4 | Gained mutation: You passively dampen the noise of your
                  | surroundings. [potion of mutation]
 49630 | Vaults:4 | Gained mutation: You are dopey. (Int -2) [potion of
                  | mutation]
 50018 | Depths:1 | Reached skill level 1 in Summonings
 50086 | Depths:1 | Found an ornate altar of the Wu Jian Council.
 50116 | Depths:1 | Reached skill level 1 in Spellcasting
 50148 | Depths:1 | Reached XP level 23. HP: 192/217 MP: 4/24
 50422 | Depths:1 | Found a gateway to Hell.
 50561 | Depths:1 | Killed Blinkfrogs's ghost
 50848 | Depths:2 | Found a one-way gateway to a ziggurat.
 51494 | Depths:2 | Found a one-way gate to the infinite horrors of the Abyss.
 51799 | Depths:2 | Noticed Aizul
 51809 | Depths:2 | Killed Aizul
 52112 | Depths:2 | Reached skill level 5 in Summonings
 52518 | Depths:3 | Found a transporter.
 52545 | Depths:3 | Found a transporter.
 52554 | Depths:3 | Found a transporter.
 52554 | Depths:3 | Found a transporter.
 52584 | Depths:3 | Found a transporter.
 52584 | Depths:3 | Found a transporter.
 52596 | Depths:3 | Reached skill level 24 in Axes
 52803 | Depths:3 | Noticed Grunn
 52829 | Depths:3 | Killed Grunn
 53177 | Depths:3 | Paralysed by a floating eye for 2 turns
 53616 | Depths:4 | Entered Level 4 of the Depths
 53698 | Depths:4 | Reached XP level 24. HP: 231/231 MP: 25/27
 53769 | Depths:4 | Found a white marble altar of Elyvilon.
 53926 | Depths:4 | Found Lucisur's General Store.
 54086 | Depths:4 | Found the +3 salamander hide armour {Flames, rFlCloud rF++
                  | rC--}
 54627 | Depths:4 | Found a gate to the Realm of Zot.
 55273 | Vaults:4 | Bought the +8 orange crystal plate armour {Archmagi, Int+3
                  | Clar} for 6069 gold pieces
 55273 | Vaults:4 | Found the +8 orange crystal plate armour {Archmagi, Int+3
                  | Clar}
 55328 | Vaults:4 | Lost mutation: You are dopey. (Int -2) [potion of mutation]
 55328 | Vaults:4 | Lost mutation: You passively dampen the noise of your
                  | surroundings. [potion of mutation]
 55328 | Vaults:4 | Gained mutation: You have supernaturally acute eyesight.
                  | (SInv) [potion of mutation]
 55637 | Elf:1    | Entered Level 1 of the Elven Halls
 55644 | Elf:1    | Found Jasilouz's Weapon Emporium.
 55644 | Elf:1    | Found Yxoamn's Antique Weapon Shoppe.
 55648 | Elf:1    | Found Rakuzxipt's Book Emporium.
 55698 | Elf:1    | Found a crumbling gateway.
 55708 | Desolati | Entered the Desolation of Salt
 55779 | Desolati | Identified the ring "Fit Atwuscha" {rF+ rCorr}
 56125 | Desolati | Reached skill level 5 in Stealth
 56138 | Desolati | HP: 11/231 [imperial myrmidon/+2 scimitar of venom (17)]
 56244 | Desolati | Identified the +0 scale mail of Stoicism {rElec}
 56470 | Desolati | Got the Atlas of Conjured Weather
 56492 | Desolati | Identified the +1 trident "Earthworm" {freeze, rElec Dex+4}
 56559 | Desolati | Identified the ring of Veawige {rPois rN+}
 56713 | Desolati | Got the Spellbook of the Cumulonimbus and Fever
 57078 | Desolati | Identified the +7 dagger "Lavizufi" {freeze, Int+3}
 57081 | Desolati | Identified the amulet "Musunoe" {Spirit rC+ SInv Stlth+}
 57797 | Elf:1    | Acquired 954 gold pieces
 57885 | Elf:1    | Found Hooqycu's Book Emporium.
 58225 | Elf:1    | Learned a level 2 spell: Blink
 58227 | Elf:1    | Learned a level 1 spell: Foxfire
 58233 | Elf:1    | Learned a level 5 spell: Fireball
 58416 | Elf:2    | Noticed Zenata
 58418 | Elf:2    | Paralysed by an air elemental for 1 turns
 58435 | Elf:2    | Killed Zenata
 58626 | Elf:2    | Found Iffuyrul's General Store.
 58638 | Elf:2    | Reached skill level 1 in Translocations
 58691 | Elf:2    | Reached skill level 1 in Conjurations
 58835 | Elf:2    | Found a huge runed translucent gate.
 58835 | Elf:2    | Found a huge runed translucent gate.
 58835 | Elf:2    | Found a huge runed translucent gate.
 58835 | Elf:2    | Found a huge runed translucent gate.
 58835 | Elf:2    | Found a huge runed translucent gate.
 59124 | Elf:2    | Reached XP level 25. HP: 240/240 MP: 26/30
 59301 | Elf:3    | Entered Level 3 of the Elven Halls
 59326 | Elf:3    | Paralysed by an air elemental for 1 turns
 59338 | Elf:3    | Reached skill level 5 in Spellcasting
 59549 | Elf:3    | Found Kotar's Jewellery Shop.
 59631 | Elf:3    | Found Yluh's Jewellery Emporium.
 59631 | Elf:3    | Found Githrap's Book Boutique.
 59633 | Elf:3    | Found Taufais's Jewellery Emporium.
 60013 | Elf:3    | Identified the +3 ring mail of Courage {+Blink Str-3 Dex+6
                  | Stlth-}
 60013 | Elf:3    | Identified the ring "Onywoces" {Ice rCorr Str+6}
 60017 | Elf:3    | Identified the +8 broad axe "Yrarresm" {heavy, *Corrode rF+
                  | Will++}
 60042 | Elf:3    | Identified the amulet of Hueff {Faith Harm rElec rN+ Int+2}
 60056 | Elf:3    | Identified the +7 mace "Saohidif" {flame, *Slow rC+ rCorr
                  | Str+6}
 60056 | Elf:3    | Identified the +1 leather armour of Least Resistance {Will+
                  | Int+3}
 60552 | Elf:3    | Identified the +10 plate armour of Vytaej {Int+3}
 60558 | Elf:3    | Identified the +1 robe of Boredom {rN+ rCorr Int-5 Dex+3}
 60570 | Elf:3    | Identified the +6 glaive of Contradiction {venom, rC+}
 60574 | Elf:3    | Got the Catalogue of the Fifth Circle and Charms
 60845 | Elf:3    | Bought the ring of Subbo {rElec rPois rF+ rN+ Int+2} for
                  | 619 gold pieces
 61213 | Crypt:1  | Entered Level 1 of the Crypt
 61255 | Crypt:1  | Reached skill level 25 in Axes
 61303 | Crypt:1  | Learned a level 3 spell: Inner Flame
 61307 | Crypt:1  | Learned a level 3 spell: Ignite Poison
 61310 | Crypt:1  | Learned a level 2 spell: Poisonous Vapours
 61315 | Crypt:1  | Learned a level 4 spell: Iskenderun's Mystic Blast
 61319 | Crypt:1  | Learned a level 3 spell: Swiftness
 62226 | Crypt:1  | Identified the ring "Razai" {Ice Dex+4}
 62226 | Crypt:1  | Noticed Josephina
 62236 | Crypt:1  | Killed Josephina
 62640 | Crypt:2  | Reached skill level 5 in Conjurations
 62798 | Crypt:2  | Noticed Frederick
 62809 | Crypt:2  | Killed Frederick
 63223 | Crypt:3  | Entered Level 3 of the Crypt
 63271 | Crypt:3  | Reached XP level 26. HP: 192/249 MP: 0/32
 63272 | Crypt:3  | Reached skill level 1 in Fire Magic
 63516 | Crypt:3  | Reached skill level 1 in Air Magic
 63650 | Crypt:3  | Reached skill level 1 in Transmutations
 64125 | Crypt:3  | Found the +9 sword of Zonguldrok {reap}
 64512 | Crypt:3  | Found a staircase to the Tomb.
 64663 | Crypt:3  | Found an ancient bone altar of Kikubaaqudgha.
 65295 | Crypt:3  | Noticed Jory
 65315 | Crypt:3  | Killed Jory
 65352 | Crypt:3  | Got the Precepts of Combat Magic
 65364 | Crypt:3  | Identified the ring "Dicvoxamp" {rElec rN+ rCorr Str+7
                  | Slay-3}
 65364 | Crypt:3  | Identified the ring of Wu Jian's Pride {rN+ Dex+4}
 65364 | Crypt:3  | Identified the ring of Conformity {rN+ Str+5}
 65521 | Crypt:3  | Learned a level 5 spell: Iskenderun's Battlesphere
 65652 | Tomb:1   | Entered Level 1 of the Tomb of the Ancients
 66459 | Zig:1    | Entered Level 1 of a ziggurat
 66460 | Zig:1    | Noticed a Killer Klown
 66470 | Zig:1    | Killed a Killer Klown
 66514 | Zig:2    | Entered Level 2 of a ziggurat
 66524 | Zig:2    | Reached skill level 5 in Translocations
 66538 | Zig:2    | Got the Tractate on Hyperthermia
 66585 | Zig:3    | Entered Level 3 of a ziggurat
 66717 | Zig:4    | Entered Level 4 of a ziggurat
 66814 | Zig:4    | Identified the +5 mace of Oozing Pus {spect, rElec rPois
                  | rF- Int+4}
 66827 | Zig:5    | Entered Level 5 of a ziggurat
 66850 | Zig:5    | Identified the amulet "Juegog" {-Tele rPois Regen+ Str+3}
 66851 | Zig:5    | Identified the +12 mace "Rikiges" {heavy, rC+ rCorr Int+2
                  | SInv}
 66861 | Zig:5    | Identified the ring "Vucrupid" {Wiz rPois Will+ Str+4
                  | Stlth+}
 66881 | Zig:6    | Entered Level 6 of a ziggurat
 66923 | Zig:6    | Identified the +1 ring mail of Emitzat {Regen+ MP+9 Int+2
                  | Dex-5}
 67050 | Zig:7    | Entered Level 7 of a ziggurat
 67220 | Zig:8    | Entered Level 8 of a ziggurat
 67226 | Zig:8    | Noticed a dread lich
 67226 | Zig:8    | Noticed a shard shrike
 67242 | Zig:8    | Killed a shard shrike
 67243 | Zig:8    | Killed a dread lich
 67270 | Zig:8    | Identified the ring of Equilibrium {MP+9 Int+2 Dex+2
                  | Slay+3}
 67528 | Zig:9    | Entered Level 9 of a ziggurat
 67539 | Zig:9    | Found the +3 Elemental Staff {rElec rF++ rC++ AC+5}
 67658 | Zig:10   | Entered Level 10 of a ziggurat
 67785 | Zig:10   | Identified the +1 helmet of Panentheism {rPois Str+3 Dex+3}
 67807 | Zig:10   | Lost mutation: You have supernaturally acute eyesight.
                  | (SInv) [potion of mutation]
 67807 | Zig:10   | Gained mutation: Your body sometimes deteriorates upon
                  | taking damage. [potion of mutation]
 67807 | Zig:10   | Gained mutation: Your skin changes colour to match your
                  | surroundings (Stealth+). [potion of mutation]
 67808 | Zig:10   | Lost mutation: Your skin changes colour to match your
                  | surroundings (Stealth+). [potion of mutation]
 67808 | Zig:10   | Lost mutation: Your body sometimes deteriorates upon taking
                  | damage. [potion of mutation]
 67808 | Zig:10   | Gained mutation: You are strong-willed. (Will+) [potion of
                  | mutation]
 67808 | Zig:10   | Gained mutation: You are partially covered in iridescent
                  | scales. (AC +2) [potion of mutation]
 67808 | Zig:10   | Gained mutation: You have supernaturally acute eyesight.
                  | (SInv) [potion of mutation]
 67810 | Zig:11   | Entered Level 11 of a ziggurat
 67825 | Zig:11   | Reached XP level 27. HP: 260/260 MP: 33/33
 67828 | Zig:11   | Reached skill level 26 in Axes
 67860 | Zig:11   | Identified the +1 plate armour of the Tanner {Contam Regen+
                  | Dex+2}
 67938 | Zig:12   | Entered Level 12 of a ziggurat
 67945 | Zig:12   | Noticed a royal mummy
 67953 | Zig:12   | Noticed a royal mummy
 67962 | Zig:12   | HP: 9/260 [royal mummy/divine providence (11)]
 67967 | Zig:12   | HP: 3/260 [death scarab[a royal mummy] (8)]
 67968 | Zig:12   | Slain by a death scarab

Illustrated notes

Levels and vault maps discovered:
D:1:      nzn_arrival_crosshair, layout_basic
D:2:      layout_loops_corners, ebering_ecumenical_altar_petrified,
          grunt_ministairs_8, kennysheep_generic_room_9, uniq_robin
D:3:      kennysheep_slugbush, layout_rooms,
          mainiacjoe_overflow_large_starburst, gup_sewer_entry_pipe
D:4:      layout_basic, lemuel_crystal_altar,
          minmay_temple_entry_enclosed_plants, minmay_distorted
D:5:      layout_cave_pools
D:6:      layout_basic, uniq_edmund
D:7:      layout_rooms, nicolae_overflow_crystal_walls
D:8:      layout_gridville, amcnicky_altar_gilded,
          yredelemnul_forgotten_temple_becter, enter_bailey_7, serial_shops,
          shop, shop
D:9:      layout_roguey, lair_entry_dummy, nicolae_figureground_pulse
D:10:     layout_basic, orc_0_dummy, minmay_librarian
D:11:     layout_loops_ring, serial_shops, nicolae_lakefront_shop,
          disabler_island
D:12:     layout_roguey
D:13:     layout_roguey, serial_shops, nicolae_stop_n_shop_2,
          lemuel_freeze_loot_1, uniq_frances
D:14:     layout_gridville, erik_vaults_1, nicolae_eternal_life,
          gauntlet_entry_generic, serial_shops,
          nicolae_shop_temple_entry_statues_fountains, minmay_quadrilaterals
D:15:     hangedman_depths_entry_civil_slaughter, layout_loops_ring,
          serial_bayou_shore_b, ebering_ghost_xom, beargit_elvish_explorers
Temple:   nicolae_temple_superstar
Lair:1:   layout_long_grid, nicolae_quartered_pool_medium, serial_bayou_shore_a
Lair:2:   layout_cave_pods, minmay_shoals_entry_beasts,
          chequers_serial_rivers_marsh, nzn_random_ring, uniq_amaemon,
          uniq_sonja
Lair:3:   layout_chaotic_city, minmay_snake_entry_spellcaster,
          serial_bayou_shore_b, grunt_megastairs_5, infiniplex_staircase_pool_2
Lair:4:   layout_regular_city, minmay_slime_entry_pillars
Lair:5:   cheibrodos_lair_end_hotspot, layout_regular_city
Shoals:1: layout_shoals, uniq_roxanne
Shoals:2: layout_shoals, nicolae_shoals_dead_sea_scrolls, uniq_polyphemus
Shoals:3: cheibrodos_shoals_roost, layout_shoals, uniq_ilsuiw, uniq_mlioglotl
Shoals:4: shoals_end_hellmonk_storm_palace [storm_palace_center_square,
          storm_palace_corner_narrow, storm_palace_corner_reverse_hut,
          storm_palace_corner_narrow, storm_palace_corner_grid]
Snake:1:  layout_layer_cave, nicolae_snake_yet_another_twisty_hallway,
          nicolae_snake_magic_snake_eye
Snake:2:  layout_chambers
Snake:3:  layout_chambers
Snake:4:  hellmonk_snake_rune_quicksilver_temple, layout_cave_town,
          serial_shops, shop, minmay_shoptagon
Orc:1:    layout_caves, uniq_urug
Orc:2:    grunt_orc_gardens, layout_caves, grunt_orc_garden, grunt_orc_garden,
          grunt_orc_garden, grunt_orc_garden, basic_altar,
          nicolae_shop_self_help
Elf:1:    layout_geoelf_grid, portal_desolation_entry_nicolae_nacl,
          serial_shops, shop, kennysheep_underground_church, minmay_shop_star
Elf:2:    elven_hall_of_blades_hangedman_alternative
          [nicolae_blade_entry_sentries_behind_glass], layout_geoelf_grid,
          serial_shops, nicolae_shop_waterfront, uniq_zenata
Elf:3:    minmay_elf_hall_curves, layout_geoelf_grid, serial_shops,
          nicolae_shop_competitors_out_of_business, grunt_megastairs_1,
          minmay_shop_grove
Vaults:1: lightli_enter_wizlab_magi_temple, nicolae_vaults_network_quincunx
          [nicolae_vaults_network_quincunx_subvault,
          nicolae_vaults_network_quincunx_subvault,
          nicolae_vaults_network_quincunx_subvault,
          nicolae_vaults_network_quincunx_subvault,
          nicolae_vaults_network_quincunx_subvault], hangedman_vaults_slice,
          hangedman_vaults_river_flow, v_pattern_1,
          nicolae_vaults_circle_grid_b, vaults_room_semicircle,
          nicolae_vaults_little_squares_3, nicolae_vaults_yaktaur_gun_rack,
          nicolae_vaults_back_hallway, v_rooms_6,
          nicolae_vaults_little_squares_2, nicolae_vaults_rhombus_6,
          vaults_room_semicircle, layout_vaults_omnicross
Vaults:2: nicolae_vaults_stairing_the_circle, grunt_vaults_funnel,
          vaults_mumra_minichess, vaults_dpeg_spiral,
          ontoclasm_vaults_misaligned, vaults_room_corners,
          vaults_standard_mumra_lines, nicolae_vaults_display_case,
          ontoclasm_vaults_chip, ontoclasm_vaults_fault,
          nicolae_vaults_little_squares_4, layout_vaults_big_room, serial_shops,
          nicolae_shop_bloodbath_and_beyond
Vaults:3: nicolae_vaults_puzzle_piece, vaults_room_corners, v_misc_27,
          v_rooms_5, grunt_vaults_hallway_short, v_misc_26, v_alt_pattern_5,
          minmay_crypt_entry_skeletal_spiral, nicolae_vaults_circle_grid_a,
          ontoclasm_vaults_ring_square, nicolae_vaults_shelves_hall,
          grunt_vaults_bifocal, ontoclasm_vaults_pinch, v_misc_14,
          layout_vaults_maze_bifur, nicolae_trove_entry_path_of_doom,
          uniq_donald
Vaults:4: ontoclasm_vaults_ligature, vaults_room_fancy_cross, v_misc_11,
          v_misc_12, vaults_mumra_lcd, v_pattern_5,
          nicolae_vaults_three_branches, grunt_vaults_diagonal,
          nicolae_vaults_circle_grid_a, vaults_room_corners, grunt_vaults_focal,
          layout_vaults_omnigrid, serial_shops, shop, shop_fountains, shop,
          shop_fountains, shop, uniq_bai_suzhen
Vaults:5: uniq_mara
Crypt:1:  layout_gridlike, grunt_megastairs_2, uniq_josephina
Crypt:2:  layout_gridlike, uniq_frederick
Crypt:3:  church_of_pain_bobbens, layout_chaotic_city,
          nicolae_tomb_entry_rubble_hallway, minmay_guarded_unrand_zonguldrok
Tomb:1
Depths:1: layout_basic, rand_demon_pan_entry_4, ebering_ghost_rock_garden,
          hell_entry, nemelex_diamond_rough_becter, nicolae_wu_jian_wuxing_cycle
Depths:2: hellmonk_destroyed_diamonds, layout_basic, enter_ziggurat_c,
          minmay_room_of_horrors, pan_entry, hell_entry, kennysheep_kite_vault,
          uniq_aizul
Depths:3: minmay_inner_zag, layout_cave_pools, hell_entry, minmay_misc_feat_chi,
          abyss_entry, fountainhead, minmay_misc_feat_enclosed,
          serial_nicolae_subway, nicolae_sub_station_metal,
          nicolae_sub_station_stone, nicolae_sub_station_crystal,
          minmay_staircase_bubble, uniq_grunn
Depths:4: grunt_zot_entry_tricorne, layout_cave_pools, serial_shops, shop,
          hell_entry, elyvilon_altar_3, hellmonk_guarded_unrand_salamander
Zig:12:   ziggurat_pillar_centre_c, ziggurat_pillar_centre_c,
          ziggurat_pillar_centre_c, ziggurat_pillar_centre_c

Skill      XL: |  1  2  3  4  5  6  7  8  9 10 11 12 13 14 15 16 17 18 19 20 21 22 23 24 25 26 27 |
---------------+----------------------------------------------------------------------------------+-----
Fighting       | 4 5 6 7 8 10 11 12 13 14 15 16 17 18 19 20 21 22 23 | 23.7
Dodging        | 1 2 3 4 5 6 7 8 9 10 11 | 11.1
Axes           | 3 4 5 7 9 10 12 13 15 17 18 19 20 21 22 23 24 25 26 | 26.0
Armour         | 4 5 6 7 8 9 10 11 12 13 14 15 16 17 18 19 | 19.3
Shields        | 4 5 6 7 9 10 11 13 15 16 18 19 20 21 23 24 25 | 25.3
Evocations     | 2 4 7 9 10 11 12 13 14 15 16 17 18 | 18.3
Throwing       | 1 3 4 5 6 7 8 9 |  9.2
Stealth        | 1 2 3 4 5 |  5.5
Long Blades    | 3 7 9 11 12 13 14 | 14.9
Polearms       | 1 |  1.7
Summonings     | 1 6 7 |  7.1
Spellcasting   | 1 3 4 6 7 |  7.0
Translocations | 1 4 5 |  5.4
Conjurations   | 2 5 6 7 |  7.0
Fire Magic     | 4 |  4.5
Air Magic      | 3 |  3.6
Transmutations | 3 |  3.4

Action                     |  1- 3 |  4- 6 |  7- 9 | 10-12 | 13-15 | 16-18 | 19-21 | 22-24 | 25-27 || total
---------------------------+-------+-------+-------+-------+-------+-------+-------+-------+-------++-------
  Melee: War axe           |   114 |   158 |   300 |    32 |       |       |       |       |       ||   604
         Broad axe         |       |       |       |   428 |   958 |  1379 |  1125 |  1082 |   892 ||  5864
  Throw: Dart              |       |       |    30 |     4 |     1 |       |       |       |       ||    35
         Boomerang         |       |       |    16 |    10 |    13 |    18 |    13 |       |       ||    70
         Javelin           |       |       |       |       |     5 |    11 |       |    40 |    27 ||    83
         Throwing net      |       |       |       |       |       |     5 |       |       |       ||     5
 Invoke: Call Merchant     |       |       |       |       |       |       |       |     2 |       ||     2
  Evoke: Wand              |       |       |     2 |     7 |     8 |       |     1 |     2 |     2 ||    22
         Phantom mirror    |       |       |       |       |     1 |       |     1 |       |       ||     2
         Phial of floods   |       |       |       |       |     1 |       |       |       |       ||     1
         Lightning rod     |       |       |       |       |       |     4 |    11 |     4 |     4 ||    23
         Tin of tremorston |       |       |       |       |       |     2 |     7 |     8 |     3 ||    20
         Condenser vane    |       |       |       |       |       |       |     4 |     6 |     1 ||    11
         Box of beasts     |       |       |       |       |       |       |     1 |     2 |       ||     3
    Use: Scroll            |       |     9 |    14 |    13 |     7 |     8 |    12 |     3 |     8 ||    74
         Potion            |       |       |       |    15 |     9 |    16 |    21 |    20 |    16 ||    97
   Stab: Distracted        |       |       |     1 |     4 |    10 |    15 |     5 |    20 |     9 ||    64
         Invisible         |       |       |       |    22 |       |       |     1 |     4 |     4 ||    31
         Petrified         |       |       |       |       |     1 |     9 |       |       |       ||    10
         Petrifying        |       |       |       |       |       |     2 |       |       |       ||     2
         Held in net/web   |       |       |       |       |       |     1 |       |       |       ||     1
 Armour: Scale mail        |    51 |    49 |       |       |       |       |       |       |       ||   100
         Chain mail        |       |    24 |    86 |       |       |       |       |       |       ||   110
         Plate armour      |       |       |   112 |   224 |   344 |   406 |   228 |   195 |       ||  1509
         Crystal plate arm |       |       |       |       |       |       |       |    53 |   291 ||   344
  Dodge: Dodged            |    44 |    74 |    91 |   107 |   187 |   268 |   154 |   172 |   215 ||  1312
  Block: Buckler           |    36 |    45 |    81 |     7 |       |       |       |       |       ||   169
         Kite shield       |       |       |       |   194 |   633 |   165 |       |       |       ||   992
         Reflection        |       |       |       |       |    20 |   192 |   134 |    68 |    34 ||   448
         Tower shield      |       |       |       |       |       |  1569 |  1411 |  1192 |  1133 ||  5305

Table legend: (Time is in decaauts)
 A = Elapsed time spent in this place.
 B = Non-inter-level travel time spent in this place.
 C = Inter-level travel time spent in this place.
 D = Time resting spent in this place.
 E = Time spent auto-exploring this place.
 F = Levels seen in this place.
 G = Mean time per level.
                   A        B        C        D        E       F      G
               +--------+--------+--------+--------+--------+-----+--------+
         Total |  67210 |  63982 |   3228 |  11553 |  12120 |  64 | 1050.2 |
       Dungeon |  14807 |  13455 |   1352 |    733 |   3517 |  15 |  987.1 |
        Temple |     40 |     40 |      0 |      0 |      0 |   1 |   40.0 |
          Lair |   5782 |   5481 |    301 |    216 |   1620 |   5 | 1156.4 |
        Shoals |   4791 |   4722 |     69 |   1429 |    104 |   4 | 1197.8 |
     Snake Pit |   8535 |   8183 |    352 |   1190 |   3404 |   4 | 2133.8 |
  Orcish Mines |   1919 |   1703 |    216 |      0 |     85 |   2 |  959.5 |
   Elven Halls |   3671 |   3671 |      0 |    369 |    300 |   3 | 1223.7 |
        Vaults |  11415 |  10597 |    818 |   2677 |   1571 |   5 | 2283.0 |
         Crypt |   4584 |   4548 |     36 |    972 |    600 |   3 | 1528.0 |
          Tomb |    214 |    214 |      0 |     60 |      0 |   1 |  214.0 |
        Depths |   6139 |   6059 |     80 |   1688 |    911 |   4 | 1534.8 |
      Ziggurat |   1460 |   1460 |      0 |    843 |      0 |  12 |  121.7 |
         Sewer |    299 |    299 |      0 |      0 |      0 |   1 |  299.0 |
        Bailey |    311 |    311 |      0 |     19 |      0 |   1 |  311.0 |
        Wizlab |   1284 |   1284 |      0 |    765 |      0 |   1 | 1284.0 |
    Desolation |   1505 |   1505 |      0 |    589 |      7 |   1 | 1505.0 |
      Gauntlet |    445 |    445 |      0 |      0 |      0 |   1 |  445.0 |
               +--------+--------+--------+--------+--------+-----+--------+

Top non-repeatable levels by time:
Vaults:5: 3852 daAuts
 Crypt:3: 2607 daAuts
 Snake:1: 2549 daAuts
 Snake:4: 2266 daAuts
Vaults:4: 1970 daAuts
Vaults:1: 1964 daAuts
 Snake:3: 1953 daAuts
Shoals:4: 1949 daAuts
Vaults:3: 1895 daAuts
 Snake:2: 1766 daAuts
Vaults:2: 1733 daAuts
Depths:1: 1721 daAuts
    D:15: 1716 daAuts
Depths:2: 1699 daAuts
   Elf:3: 1552 daAuts
